[Event "Titled Tuesday Blitz December 20 Early 2022"]
[White "Willychess95"]
[Black "Abundo, Casto"]
[BlackFideId "5200512"]
[WhiteElo "2661"]
[BlackElo "2175"]
[Result "0-1"]
[Round "10"]
[TimeControl "180+2"]
[Date "2022.12.20"]
[WhiteClock "0:00:09"]
[BlackClock "0:00:11"]

1. e4 e5 2. Nf3 Nc6 3. Bc4 Bc5 4. c3 Nf6 5. d4 exd4 6. b4 Be7 7. e5 Ng4 8. cxd4 Bxb4+ 9. Nbd2 O-O 10. O-O d6 11. h3 Nh6 12. Rb1 dxe5 13. d5 Bxd2 14. Bxd2 Nd4 15. Bxh6 Nxf3+ 16. Qxf3 gxh6 17. Rfe1 Qg5 18. Rb3 Kh8 19. Qe2 f6 20. Rg3 Qh4 21. Bd3 Bd7 22. Bb1 Rf7 23. Qb2 b6 24. Qc2 Rc8 25. Rc1 f5 26. Re1 f4 27. Qe4 Re8 28. Rc3 Bf5 29. Qa4 Rg8 30. Bxf5 Rxf5 31. Kf1 Rfg5 32. Qe4 R8g7 33. d6 cxd6 34. Rd1 Qh5 35. Rxd6 Rg8 36. Rc7 R5g7 37. Rxg7 Rxg7 38. Qd5 Rg8 39. Re6 f3 40. Rxe5 fxg2+ 41. Kg1 Qxh3 42. Rh5 Qg4 43. Qe5+ Qg7 44. Qxg7+ Rxg7 45. Rxh6 Rg5 46. Re6 Rg7 47. Re8+ Rg8 48. Re7 Rg7 49. Re8+ Rg8 50. Re7 a5 51. Re6 Rg6 52. Re7 h5 53. Rb7 h4 54. Rxb6 Rxb6 55. Kxg2 Rb2 56. Kh3 Rxa2 57. Kxh4 Ra4+ 58. f4 Rb4 59. Kg5 a4 60. f5 a3 61. f6 Rb8 62. f7 a2 63. Kf5 Rf8 64. Ke6 Rxf7 65. Kxf7 a1=Q 0-1


[Site "https://www.chess.com"]

[Event "Titled Tuesday Blitz December 20 Early 2022"]
[White "Yildiz, Ayse Emek"]
[Black "OparinGrigoriy"]
[WhiteFideId "6303528"]
[WhiteElo "1702"]
[BlackElo "3013"]
[Result "1-0"]
[Round "10"]
[TimeControl "180+2"]
[Date "2022.12.20"]
[WhiteClock "0:00:06"]
[BlackClock "0:00:04"]

1. e4 c5 2. Nf3 d6 3. Bb5+ Bd7 4. Bxd7+ Nxd7 5. O-O Ngf6 6. Qe2 e6 7. c4 Be7 8. b3 O-O 9. Nc3 Re8 10. d4 cxd4 11. Nxd4 a6 12. Bb2 Qa5 13. Rad1 Rac8 14. f4 Qc5 15. Kh1 Qh5 16. Rf3 Nc5 17. Re1 d5 18. cxd5 exd5 19. e5 Nfe4 20. Nxd5 f5 21. Nxe7+ Rxe7 22. Qc4+ Qf7 23. Nxf5 Rd7 24. Qxf7+ Rxf7 25. Nd6 Nxd6 26. exd6 Rd8 27. Be5 Ne6 28. Rc1 Rfd7 29. h4 h5 30. f5 Nf8 31. Rc7 Re8 32. Bg3 Re4 33. Kh2 Kf7 34. Rfc3 Rd4 35. Rxd7+ Nxd7 36. Rc7 Ke8 37. Rxb7 Rd5 38. Ra7 a5 39. Ra8+ Kf7 40. Ra7 Ke8 41. Be1 Nf6 42. Rxa5 Rxd6 43. Kg3 Rd4 44. Kf3 Rd1 45. Bf2 Rd3+ 46. Ke2 Rc3 47. Ra7 Rc2+ 48. Ke1 Ng4 49. Bd4 Nh6 50. Bxg7 Nxf5 51. Bf6 Rxg2 52. Bg5 Kf8 53. b4 Nd4 54. a4 Nc2+ 55. Kf1 Rg4 56. b5 Rb4 57. Be7+ 1-0


[Site "https://www.chess.com"]

[Event "Titled Tuesday Blitz December 20 Early 2022"]
[White "Zampronha, Wladimir Camilo"]
[Black "KerryStead"]
[WhiteFideId "2103087"]
[WhiteElo "2176"]
[BlackElo "2033"]
[Result "1-0"]
[Round "10"]
[TimeControl "180+2"]
[Date "2022.12.20"]
[WhiteClock "0:00:06"]
[BlackClock "0:00:05"]

1. e4 c6 2. d4 d5 3. e5 Bf5 4. Nf3 e6 5. Be2 c5 6. O-O Nc6 7. Be3 cxd4 8. Nxd4 Nxd4 9. Bxd4 Ne7 10. c4 Nc6 11. cxd5 Qxd5 12. Bf3 Qd7 13. Bc3 Qxd1 14. Rxd1 Rc8 15. Nd2 Bc5 16. Nc4 O-O 17. Nd6 Bxd6 18. Rxd6 Rc7 19. Rad1 h6 20. Bxc6 Rxc6 21. Rxc6 bxc6 22. Rd7 Ra8 23. f3 Bb1 24. a3 Ba2 25. Kf2 Bd5 26. Ke3 a5 27. Kd4 Kf8 28. Kc5 Ke8 29. Kd6 a4 30. Re7+ Kf8 31. Bb4 Re8 32. Ra7 c5 33. Bxc5 Ra8 34. Rd7 Ke8 35. Re7+ Kf8 36. Rc7 Ke8 37. Bb4 Rd8+ 38. Kc5 Bb3 39. Kb5 Rd5+ 40. Kb6 Rxe5 41. Re7+ Kf8 42. Rxe6+ 1-0


[Site "https://www.chess.com"]

[Event "Titled Tuesday Blitz December 20 Early 2022"]
[White "Zozik, S. Mohammed"]
[Black "Jenkins, Drake"]
[WhiteFideId "4803280"]
[BlackFideId "2022397"]
[WhiteElo "2116"]
[BlackElo "2130"]
[Result "1-0"]
[Round "10"]
[TimeControl "180+2"]
[Date "2022.12.20"]
[WhiteClock "0:02:08"]
[BlackClock "0:00:03"]

1. d4 Nf6 2. Nf3 c5 3. g3 g6 4. Bg2 Bg7 5. O-O O-O 6. c4 cxd4 7. Nxd4 Nc6 8. Nc3 Nxd4 9. Qxd4 d6 10. b3 Qa5 11. Bb2 Qh5 12. Nd5 e5 13. Ne7+ Kh8 14. Qxd6 Qxe2 15. Qxe5 Qxe5 16. Bxe5 Re8 17. Bd6 Be6 18. Rad1 Rad8 19. c5 b6 20. Bc6 bxc5 21. Bxe8 1-0


[Site "https://www.chess.com"]

[Event "Titled Tuesday Blitz December 20 Early 2022"]
[White "aidenzhouu"]
[Black "RianKapriaga"]
[WhiteElo "2386"]
[BlackElo "2327"]
[Result "0-1"]
[Round "10"]
[TimeControl "180+2"]
[Date "2022.12.20"]
[WhiteClock "0:00:11"]
[BlackClock "0:00:20"]

1. d4 Nf6 2. c4 e6 3. Nf3 d5 4. g3 Be7 5. Bg2 O-O 6. O-O c6 7. Qc2 Nbd7 8. Rd1 b6 9. Nbd2 Ba6 10. b3 Rc8 11. e4 dxe4 12. Nxe4 Bb7 13. Bb2 Qc7 14. Ne5 Rfd8 15. f4 c5 16. Ng5 Bxg2 17. Qxg2 Nxe5 18. dxe5 Nd7 19. Ne4 Nb8 20. Nc3 a6 21. Qe4 Nc6 22. Nd5 exd5 23. cxd5 Nd4 24. Rac1 Qb7 25. Bxd4 cxd4 26. Rxc8 Rxc8 27. f5 Bc5 28. f6 g6 29. Rd3 Rd8 30. e6 Qxd5 31. e7 Qxe4 32. exd8=Q+ Bf8 33. Qxd4 Qxd4+ 34. Rxd4 Bc5 35. Kg2 Bxd4 36. Kf3 Bxf6 37. Ke4 a5 38. Kd5 Be7 39. Kc6 Bc5 40. a3 Bxa3 41. Kxb6 Bb4 0-1


[Site "https://www.chess.com"]

[Event "Titled Tuesday Blitz December 20 Early 2022"]
[White "bardiya_Daneshvar"]
[Black "MatthewG-p4p"]
[WhiteElo "2903"]
[BlackElo "2825"]
[Result "1-0"]
[Round "10"]
[TimeControl "180+2"]
[Date "2022.12.20"]
[WhiteClock "0:00:04"]
[BlackClock "0:00:04"]

1. d4 Nf6 2. c4 c5 3. d5 e6 4. Nc3 exd5 5. cxd5 d6 6. Nf3 g6 7. Bf4 Bg7 8. e3 O-O 9. h3 Na6 10. Be2 Nc7 11. O-O Re8 12. Bh2 Rb8 13. a4 b6 14. Nb5 Nxb5 15. axb5 Re7 16. Ra4 Bb7 17. Bc4 Ba8 18. Qd3 Qd7 19. Nd2 a5 20. e4 Rbe8 21. Bb3 Bb7 22. Bd1 h5 23. Bf3 Ba6 24. bxa6 Qxa4 25. Bxd6 Ra7 26. Bd1 Qd4 27. Qxd4 cxd4 28. Bc2 Rxa6 29. Bd3 Ra7 30. Rc1 Bh6 31. f4 Rd8 32. Rc6 Ne8 33. Be5 a4 34. Rxb6 a3 35. bxa3 Rxa3 36. Bf1 d3 37. Nc4 Ra4 38. Bxd3 Rc8 39. Rc6 Rd8 40. Kf2 Ra2+ 41. Kf3 Bf8 42. g4 hxg4+ 43. hxg4 Rda8 44. g5 Bg7 45. Bxg7 Nxg7 46. e5 Rh2 47. e6 Rh3+ 48. Ke4 Nf5 49. exf7+ Kg7 50. Rxg6+ Kxg6 51. Ne5+ Kg7 52. Kxf5 Rd8 53. Be4 Ra3 54. g6 Ra6 55. Kg5 Ra5 56. f5 Ra6 57. Ng4 Rdd6 58. Bd3 Ra4 59. f6+ Kf8 60. g7+ Kxf7 61. Bg6+ Kg8 62. Nh6# 1-0


[Site "https://www.chess.com"]

[Event "Titled Tuesday Blitz December 20 Early 2022"]
[White "dropstoneDP"]
[Black "Timofeeva, Galina"]
[BlackFideId "14106175"]
[WhiteElo "3038"]
[BlackElo "1955"]
[Result "1/2-1/2"]
[Round "10"]
[TimeControl "180+2"]
[Date "2022.12.20"]
[WhiteClock "0:00:05"]
[BlackClock "0:00:05"]

1. e4 c5 2. Nf3 Nc6 3. Nc3 d6 4. d4 cxd4 5. Nxd4 Nf6 6. Bg5 e6 7. Qd3 a6 8. Nxc6 bxc6 9. O-O-O Be7 10. Qg3 e5 11. Bc4 O-O 12. Bh6 Nh5 13. Qf3 Bg5+ 14. Bxg5 Qxg5+ 15. Rd2 Be6 16. h4 Qh6 17. Bb3 Nf6 18. Qe2 Bxb3 19. axb3 d5 20. exd5 Nxd5 21. Nxd5 cxd5 22. Qxe5 a5 23. Qg5 Qa6 24. Rd4 Qb6 25. Rg4 g6 26. h5 Rad8 27. hxg6 fxg6 28. Rgh4 Rd7 29. f3 d4 30. Qg4 Rfd8 31. Kb1 a4 32. bxa4 Rb7 33. b3 d3 34. Qc4+ Kh8 35. Qc3+ Kg8 36. Qc4+ Kh8 37. cxd3 Qf6 38. Re4 Rdb8 39. b4 Rxb4+ 40. Qxb4 Rxb4+ 41. Rxb4 Qc3 42. Rb8+ Kg7 43. Rb7+ Kf6 44. Rhxh7 Qxd3+ 45. Kb2 Qd2+ 46. Kb3 Qxg2 47. Rhf7+ Ke5 48. Rb5+ Kd4 49. Rb4+ Ke3 50. Re4+ Kf2 51. Rg4 Qf1 52. Rgf4 Qb1+ 53. Kc4 Qa2+ 54. Kb5 Qb3+ 55. Ka6 Qd3+ 56. Kb6 Qd6+ 57. Kb5 Qd5+ 58. Kb4 Qd6+ 59. Kc4 Qc6+ 60. Kb3 Qd5+ 61. Kb4 Qd6+ 62. Kb5 Qd5+ 63. Kb6 Qd6+ 64. Kb7 Qd5+ 65. Kc7 Qc5+ 66. Kd8 Qd6+ 67. Ke8 g5 68. Re4 Qg6 69. Ke7 Qb6 70. Kf8 Qh6+ 71. Ke7 Qb6 72. Rf5 Qc7+ 73. Kf6 Qd8+ 74. Kf7 Kg3 75. Rg4+ Kf2 76. Rfxg5 Kxf3 77. Rg7 Qd7+ 78. Kg8 Qe8+ 79. Kh7 Qh5+ 80. Kg8 Qe8+ 81. Kh7 Qh5+ 82. Kg8 Qe8+ 1/2-1/2


[Site "https://www.chess.com"]

[Event "Titled Tuesday Blitz December 20 Early 2022"]
[White "fks_stal_mielec"]
[Black "stepanosinovsky"]
[WhiteElo "2284"]
[BlackElo "2443"]
[Result "0-1"]
[Round "10"]
[TimeControl "180+2"]
[Date "2022.12.20"]
[WhiteClock "0:00:06"]
[BlackClock "0:00:05"]

1. d4 Nf6 2. c4 g6 3. Nc3 Bg7 4. e4 O-O 5. f4 d6 6. Nf3 c5 7. d5 e6 8. Bd3 exd5 9. cxd5 b5 10. Bxb5 Nxe4 11. Nxe4 Qa5+ 12. Bd2 Qxb5 13. Nc3 Re8+ 14. Kf2 Qxb2 15. Rb1 Qa3 16. Nb5 Qxa2 17. Nxd6 Rd8 18. Nb5 Bg4 19. Nc7 Nc6 20. dxc6 Bxf3 21. Qxf3 Qxd2+ 22. Kg3 Rd3 23. Nxa8 Rxf3+ 24. gxf3 Bd4 25. Rhf1 g5 26. c7 Kg7 27. c8=Q Qxf4+ 28. Kg2 Be5 29. Qh3 h5 30. Rf2 Kg6 31. Kg1 Bd4 32. Rf1 c4 33. Qg3 Qe3 34. Qd6+ f6 35. Nc7 c3 36. Nd5 Qd2 37. Nxc3 Qxc3 38. Qd5 h4 39. Qe4+ f5 40. Qe6+ Bf6 41. Rd2 Qxd2 42. Ra1 Qd4+ 43. Kg2 Qxa1 44. f4 Qb2+ 45. Kg1 Qc1+ 46. Kg2 Qd2+ 47. Kg1 Qd4+ 48. Kg2 Qxf4 49. Qg8+ Bg7 50. Qe6+ Kh7 51. Qd7 g4 52. Qxa7 h3+ 53. Kg1 Qe4 54. Kf2 Kg6 55. Qb7 Bd4+ 56. Kg3 Qxb7 57. Kh4 Bf6+ 58. Kg3 Qf3# 0-1


[Site "https://www.chess.com"]

[Event "Titled Tuesday Blitz December 20 Early 2022"]
[White "frequentblunders"]
[Black "Cambel, Vladimir"]
[BlackFideId "14908930"]
[WhiteElo "2156"]
[BlackElo "2006"]
[Result "1/2-1/2"]
[Round "10"]
[TimeControl "180+2"]
[Date "2022.12.20"]
[WhiteClock "0:00:10"]
[BlackClock "0:00:05"]

1. d3 d5 2. f4 c5 3. Nf3 Nc6 4. g3 g6 5. Bg2 Bg7 6. Nc3 Nh6 7. O-O O-O 8. h3 f5 9. e4 e6 10. e5 Nf7 11. d4 cxd4 12. Nxd4 a6 13. Nce2 Bd7 14. c3 Qe7 15. b4 Rac8 16. a4 Nxd4 17. Qxd4 Rc4 18. Qd3 Rfc8 19. Be3 Qe8 20. Qd1 Nd8 21. Qb3 h6 22. Rfc1 g5 23. Kh2 Kh8 24. Bd4 Nc6 25. Bf1 Nxd4 26. Nxd4 R4c7 27. b5 a5 28. Be2 b6 29. Rc2 Bf8 30. Rac1 Bc5 31. Rd2 gxf4 32. gxf4 Qe7 33. Qd1 Bxd4 34. Rxd4 Rxc3 35. Rxc3 Rxc3 36. Rd3 Rc5 37. Rg3 Qf7 38. Bh5 Qf8 39. Qg1 Rc2+ 40. Kh1 Be8 41. Bxe8 Qxe8 42. Rg7 Qc8 43. Rf7 Rc1 44. Rf8+ Qxf8 45. Qxc1 Qb4 46. Qc6 Qe4+ 47. Kg1 Qe3+ 48. Kh1 Qf3+ 49. Kg1 Qg3+ 50. Kh1 Qxh3+ 51. Kg1 Qg3+ 52. Kh1 Qf3+ 53. Kg1 Qe3+ 54. Kh1 Qe1+ 55. Kg2 Qe2+ 56. Kh1 Qf1+ 57. Kh2 Qf2+ 58. Kh1 Qf3+ 59. Kg1 Qg3+ 60. Kh1 Qe1+ 61. Kg2 Qe2+ 62. Kg1 Qc4 63. Qxe6 Qd4+ 64. Kg2 Qd2+ 65. Kg1 Qd1+ 66. Kg2 Qe2+ 67. Kg1 Qe1+ 68. Kg2 Qe2+ 69. Kg1 Qe1+ 70. Kg2 Qe2+ 1/2-1/2


[Site "https://www.chess.com"]

[Event "Titled Tuesday Blitz December 20 Early 2022"]
[White "kidagent"]
[Black "GregLeBarbare"]
[WhiteElo "2292"]
[BlackElo "2242"]
[Result "0-1"]
[Round "10"]
[TimeControl "180+2"]
[Date "2022.12.20"]
[WhiteClock "0:00:13"]
[BlackClock "0:00:59"]

1. e4 e6 2. d4 d5 3. Nd2 Nf6 4. e5 Nfd7 5. f4 c5 6. c3 Nc6 7. Ndf3 cxd4 8. cxd4 f5 9. Bd3 Be7 10. Ne2 a5 11. O-O a4 12. Be3 Nb6 13. Rc1 Bd7 14. h3 Na5 15. g4 g6 16. gxf5 gxf5 17. Kh2 Nbc4 18. Rxc4 Nxc4 19. Bc1 Qb6 20. Bxc4 dxc4 21. d5 exd5 22. Qxd5 Qc6 23. Qxc6 Bxc6 24. Nfd4 Be4 25. Ng3 O-O 26. Rg1 Kh8 27. Ne6 Rg8 28. Be3 h6 29. Bd4 Kh7 30. Rd1 Bd3 31. Bc3 Bh4 32. Nh5 Rg6 33. Nc5 Rag8 34. Nxd3 Rg2+ 35. Kh1 cxd3 36. e6 Re2 37. Rxd3 Rxe6 38. Rd7+ Kg6 39. Rxb7 Kxh5 0-1


[Site "https://www.chess.com"]

[Event "Titled Tuesday Blitz December 20 Early 2022"]
[White "manitodeplomo"]
[Black "CDOEspiao"]
[WhiteElo "2639"]
[BlackElo "2486"]
[Result "1-0"]
[Round "10"]
[TimeControl "180+2"]
[Date "2022.12.20"]
[WhiteClock "0:00:38"]
[BlackClock "0:00:07"]

1. d4 Nf6 2. c4 c5 3. d5 b5 4. Qc2 bxc4 5. e4 e6 6. Nc3 exd5 7. e5 Ng8 8. Nxd5 Nc6 9. Bxc4 Nge7 10. Qb3 Ng6 11. Nf3 Be7 12. O-O O-O 13. Re1 Na5 14. Qd3 Nxc4 15. Qxc4 Bb7 16. b3 Re8 17. Bb2 Bf8 18. Rad1 a5 19. h4 h5 20. Qe4 Qb8 21. Qf5 Ra6 22. Qxh5 Bxd5 23. Rxd5 Nf4 24. Qf5 Nxd5 25. Ng5 Rh6 26. Qxf7+ Kh8 27. Qxd5 Qa8 28. Nf7+ Kh7 29. Qd3+ g6 30. Nxh6 Bxh6 31. h5 Qc6 32. hxg6+ Kg7 33. Qf5 Qe6 34. Qxe6 Rxe6 35. Rd1 Kxg6 36. Rxd7 Bg7 37. Rd6 Kf5 38. Rxe6 Kxe6 39. Kf1 Kf5 40. Ke2 Ke4 41. f3+ Kf5 42. Kd3 Kf4 43. Kc4 Bf8 44. a4 Kg3 45. e6 Kxg2 46. Bf6 Kxf3 47. e7 1-0


[Site "https://www.chess.com"]

[Event "Titled Tuesday Blitz December 20 Early 2022"]
[White "maurovargas01"]
[Black "annacramling"]
[WhiteElo "1920"]
[BlackElo "2219"]
[Result "0-1"]
[Round "10"]
[TimeControl "180+2"]
[Date "2022.12.20"]
[WhiteClock "0:00:31"]
[BlackClock "0:02:33"]

1. e4 c5 2. Nc3 Nc6 3. f4 g6 4. Nf3 Bg7 5. Bc4 e6 6. d3 Nge7 7. O-O d5 8. exd5 exd5 9. Bb3 O-O 10. Qe1 Nd4 0-1


[Site "https://www.chess.com"]

[Event "Titled Tuesday Blitz December 20 Early 2022"]
[White "nikitakhoroshev"]
[Black "Tologon tegin, Semetei"]
[BlackFideId "13800574"]
[WhiteElo "2709"]
[BlackElo "2372"]
[Result "0-1"]
[Round "10"]
[TimeControl "180+2"]
[Date "2022.12.20"]
[WhiteClock "0:00:31"]
[BlackClock "0:00:47"]

1. d4 Nf6 2. c4 e6 3. Nf3 Bb4+ 4. Bd2 a5 5. g3 b6 6. Bg2 Bb7 7. O-O O-O 8. Nc3 d6 9. Re1 Nbd7 10. Nh4 Bxg2 11. Nxg2 d5 12. cxd5 exd5 13. Rc1 c6 14. a3 Bd6 15. Bg5 h6 16. Bxf6 Nxf6 17. Qd3 Re8 18. e3 Qd7 19. Nh4 g6 20. Nf3 h5 21. Kg2 Ne4 22. Ne2 Re6 23. Rc2 Rf6 24. Neg1 Re8 25. Rec1 Bc7 26. b4 axb4 27. axb4 b5 28. h4 Qg4 29. Ne5 Rxf2+ 0-1


[Site "https://www.chess.com"]

[Event "Titled Tuesday Blitz December 20 Early 2022"]
[White "profofchess"]
[Black "AnaKuchava"]
[WhiteElo "2442"]
[BlackElo "2212"]
[Result "1-0"]
[Round "10"]
[TimeControl "180+2"]
[Date "2022.12.20"]
[WhiteClock "0:00:09"]
[BlackClock "0:00:08"]

1. e4 c5 2. Nf3 d6 3. d4 cxd4 4. Nxd4 Nf6 5. Nc3 Nc6 6. Bc4 e6 7. Be3 a6 8. Bb3 Qc7 9. f3 Na5 10. Qd3 b5 11. g4 Nxb3 12. axb3 Nd7 13. Ncxb5 Qb8 14. Nc3 Nc5 15. Qc4 Bb7 16. b4 Nd7 17. Nxe6 fxe6 18. Qxe6+ Kd8 19. Bg5+ Kc7 20. O-O-O Bc6 21. Be7 Bxe7 22. Qxe7 Qxb4 23. e5 Qf4+ 24. Kb1 Qxe5 25. Qh4 Bxf3 26. Rhe1 Qf6 27. Qg3 Rab8 28. Rd3 Bc6 29. Red1 Ne5 30. Rxd6 Qxd6 31. Rxd6 Kxd6 32. Ne2 Rhe8 33. b3 Bf3 34. Nd4 Bxg4 35. h3 Bd7 36. Qxg7 Re7 37. Qf6+ Be6 38. Nf5+ Kd5 39. Nxe7+ Kd6 40. Nf5+ Kd5 41. Ne3+ Ke4 42. Qxe6 Rb5 43. Ng4 Kd4 44. Nxe5 Rxe5 45. Qxa6 Re1+ 46. Kb2 Re3 47. Qd6+ Ke4 48. Qe6+ Kf4 49. Qxe3+ Kxe3 50. c4 Kf3 51. c5 Kg3 52. c6 Kxh3 53. c7 Kg2 54. c8=Q h5 55. Qf5 h4 56. Qg4+ Kf2 57. Qxh4+ Ke3 58. Qc4 1-0


[Site "https://www.chess.com"]

[Event "Titled Tuesday Blitz December 20 Early 2022"]
[White "sergeikim"]
[Black "Aradhya, Garg"]
[BlackFideId "25006746"]
[WhiteElo "2606"]
[BlackElo "2284"]
[Result "0-1"]
[Round "10"]
[TimeControl "180+2"]
[Date "2022.12.20"]
[WhiteClock "0:01:33"]
[BlackClock "0:01:51"]

1. d4 d5 2. c4 c6 3. Nf3 Nf6 4. Qc2 g6 5. e3 Bg7 6. Bd3 O-O 7. O-O c5 8. Nbd2 cxd4 9. exd4 Nc6 10. a3 dxc4 11. Nxc4 Bg4 12. Nce5 Nxd4 13. Nxd4 Qxd4 14. Nxg4 Nxg4 15. h3 Rfd8 16. Be4 Rac8 17. Qe2 Nxf2 18. Rxf2 Qd1+ 19. Qxd1 Rxd1+ 20. Rf1 Bd4+ 0-1


[Site "https://www.chess.com"]

[Event "Titled Tuesday Blitz December 20 Early 2022"]
[White "stollenmonster"]
[Black "Castro Andrade, Seirbert Cristian"]
[BlackFideId "3863336"]
[WhiteElo "2932"]
[BlackElo "1364"]
[Result "1-0"]
[Round "10"]
[TimeControl "180+2"]
[Date "2022.12.20"]
[WhiteClock "0:00:19"]
[BlackClock "0:01:02"]

1. e4 c6 2. d4 d5 3. e5 Bf5 4. Ne2 e6 5. Ng3 Bg6 6. h4 h5 7. Bd3 Bxd3 8. cxd3 g6 9. Nd2 Nd7 10. Nf3 Be7 11. Bg5 Nh6 12. O-O Ng4 13. Qd2 O-O 14. Rfe1 Rc8 15. b4 b6 16. Rac1 c5 17. bxc5 bxc5 18. dxc5 Rxc5 19. Rxc5 Nxc5 20. d4 Nd7 21. Qf4 Bxg5 22. Nxg5 Kg7 23. Nf1 Nb6 24. Ne3 Nxe3 25. Rxe3 Nc4 26. Rf3 Qe7 27. g4 f6 28. gxh5 gxh5 29. Rg3 fxg5 30. Rxg5+ Kh8 31. Rxh5+ Kg8 32. Qg4+ Qg7 33. Rg5 Rf7 34. Qxe6 1-0


[Site "https://www.chess.com"]

[Event "Titled Tuesday Blitz December 20 Early 2022"]
[White "supertfc"]
[Black "emeli_chess"]
[WhiteElo "2268"]
[BlackElo "2405"]
[Result "0-1"]
[Round "10"]
[TimeControl "180+2"]
[Date "2022.12.20"]
[WhiteClock "0:00:01"]
[BlackClock "0:00:32"]

1. e4 c5 2. Nc3 Nc6 3. Bb5 Nd4 4. Nf3 Nxb5 5. Nxb5 a6 6. Nc3 d6 7. d4 cxd4 8. Qxd4 e5 9. Qd3 Be6 10. Bg5 Qc7 11. O-O-O Rc8 12. Kb1 h6 13. Bh4 Be7 14. Bxe7 Kxe7 15. Nd2 Nf6 16. Nf1 Bc4 17. Qd2 Bxf1 18. Rhxf1 Rhd8 19. f4 Kf8 20. Rf2 Kg8 21. h3 b5 22. f5 Qc5 23. Re2 b4 24. Nd5 Nxd5 25. Qxd5 Qxd5 26. Rxd5 f6 27. b3 Kf7 28. Red2 Rc6 29. a3 bxa3 30. Ka2 Ke7 31. Kxa3 Rb8 32. c4 Rb7 33. R2d3 Rbb6 34. Rg3 Kf7 35. Ra5 Rc5 36. Ra4 a5 37. Kb2 Rb4 38. Rxb4 axb4 39. Rd3 Ke7 40. Rd1 Ra5 41. g4 Kd7 42. h4 Kc6 43. g5 hxg5 44. hxg5 Ra8 45. gxf6 gxf6 46. Rg1 Rh8 47. Rg6 Rh2+ 48. Kc1 Re2 49. Rxf6 Rxe4 50. Rf8 Re2 51. f6 Rf2 52. f7 Kb7 53. Kd1 e4 54. Ke1 e3 55. Rd8 Rxf7 56. Rxd6 Rf2 57. Rd5 Rb2 58. Rb5+ Kc6 59. Rxb4 Kc5 60. Rb5+ Kd4 61. c5 Kd3 62. c6 Rb1# 0-1


[Site "https://www.chess.com"]

[Event "Titled Tuesday Blitz December 20 Early 2022"]
[White "szachuspl"]
[Black "Kopylov_Alex"]
[WhiteElo "2642"]
[BlackElo "2790"]
[Result "0-1"]
[Round "10"]
[TimeControl "180+2"]
[Date "2022.12.20"]
[WhiteClock "0:00:16"]
[BlackClock "0:01:03"]

1. d4 Nf6 2. c4 e6 3. Nf3 d5 4. Nc3 Bb4 5. Qa4+ Nc6 6. e3 O-O 7. Bd2 a6 8. Qc2 h6 9. Bd3 dxc4 10. Bxc4 b5 11. Be2 Bb7 12. O-O Qe7 13. Rac1 Rac8 14. a3 Bd6 15. b4 e5 16. d5 Nd8 17. e4 c6 18. Qb3 cxd5 19. Nxd5 Nxd5 20. Rxc8 Bxc8 21. Qxd5 Bb7 22. Qd3 Ne6 23. Be3 Rd8 24. Rd1 Bc7 25. Qb1 Nd4 26. Bxd4 exd4 27. Bd3 Bb6 28. Re1 Rc8 29. Rc1 Rc3 30. Rxc3 dxc3 31. Qc2 Qc7 32. Kf1 Bc8 33. h3 Be6 34. Ke2 Ba7 35. Ke1 a5 36. Bxb5 axb4 37. axb4 Bb3 38. Qc1 Qb6 39. Qxc3 Qxf2# 0-1


[Site "https://www.chess.com"]

[Event "Titled Tuesday Blitz December 20 Early 2022"]
[White "talaicito"]
[Black "JohnWhite1952"]
[WhiteElo "2293"]
[BlackElo "1978"]
[Result "1-0"]
[Round "10"]
[TimeControl "180+2"]
[Date "2022.12.20"]
[WhiteClock "0:00:46"]
[BlackClock "0:00:21"]

1. d4 e6 2. Bf4 d5 3. Nc3 c5 4. e3 Nc6 5. Nb5 e5 6. Bxe5 Nxe5 7. dxe5 Qa5+ 8. Nc3 Be6 9. Bb5+ Kd8 10. Nf3 Ne7 11. O-O g6 12. Bc4 a6 13. Nxd5 Nxd5 14. Bxd5 Kc7 15. Bxe6 fxe6 16. Ng5 Qb6 17. Qg4 Re8 18. Rad1 h6 19. Nf7 Rg8 20. Nd6 Bxd6 21. exd6+ Kd7 22. Qf4 Rg7 23. Qxh6 Reg8 24. b3 g5 25. e4 c4 26. bxc4 Qc5 27. Rb1 b5 28. cxb5 axb5 29. a4 b4 30. a5 Rg6 31. Qh7+ R8g7 32. Qh8 Rg8 33. Qb2 Rb8 34. a6 Kxd6 35. Rfd1+ Ke7 36. a7 Qxa7 37. Qe5 Qc5 38. Qxc5+ 1-0


[Site "https://www.chess.com"]

[Event "Titled Tuesday Blitz December 20 Early 2022"]
[White "temiksmozg"]
[Black "DIMONBANAN"]
[WhiteElo "2549"]
[BlackElo "2416"]
[Result "1-0"]
[Round "10"]
[TimeControl "180+2"]
[Date "2022.12.20"]
[WhiteClock "0:00:10"]
[BlackClock "0:00:09"]

1. e4 e5 2. Nf3 Nc6 3. Bb5 Nf6 4. O-O Nxe4 5. Re1 Nd6 6. Nxe5 Nxe5 7. Rxe5+ Be7 8. Bf1 O-O 9. d4 Bf6 10. Re1 Nf5 11. c3 d5 12. Bf4 Bg5 13. Qd2 Bxf4 14. Qxf4 Nd6 15. Bd3 g6 16. Nd2 Bf5 17. Bxf5 Nxf5 18. Nf3 h5 19. h3 Qd6 20. Qxd6 Nxd6 21. Re7 Rac8 22. Rae1 Rfe8 23. R7e5 Rxe5 24. Rxe5 c6 25. Re7 Rd8 26. Ne5 Kf8 27. Rc7 Ke8 28. f3 Rc8 29. Rd7 Rd8 30. Rxd8+ Kxd8 31. g4 Ke7 32. Kf2 h4 33. f4 Kf6 34. Ke3 g5 35. Nd7+ Ke6 36. Nc5+ Kf6 37. b3 b6 38. Nd7+ Ke6 39. Ne5 f6 40. Nxc6 Ne4 41. c4 Nc3 42. Nb4 dxc4 43. bxc4 a5 44. Nc2 Nxa2 45. f5+ Kd6 46. Ke4 Nc3+ 47. Kd3 Nd1 48. Ke2 Nc3+ 49. Kd2 Ne4+ 50. Ke3 Nc3 51. Na3 Kc6 52. Kd3 Nd1 53. Ke2 Nc3+ 54. Ke3 Nd1+ 55. Kf3 Nc3 56. Nc2 a4 57. Nb4+ Kd6 58. Nc2 Kc6 59. Ke3 b5 60. cxb5+ Nxb5 61. Kd3 Kd5 62. Nb4+ Kd6 63. Kc4 Nc7 64. Nd3 a3 65. Kb3 a2 66. Kxa2 Nb5 67. Kb2 Nxd4 68. Kc3 Ne2+ 69. Kd2 Nf4 70. Nxf4 gxf4 71. Ke2 Ke5 72. Kf3 Kd5 73. Kxf4 Kd4 74. g5 fxg5+ 75. Kxg5 Ke3 76. Kxh4 Kf3 77. f6 Kg2 78. f7 Kh2 79. f8=Q Kg2 80. Kg4 Kh1 81. h4 Kg2 82. h5 Kh2 83. h6 Kg2 84. h7 Kg1 85. h8=Q Kg2 86. Qh3+ Kg1 87. Qff1# 1-0


[Site "https://www.chess.com"]

[Event "Titled Tuesday Blitz December 20 Early 2022"]
[White "tylityli"]
[Black "Sunny_Star"]
[WhiteElo "2334"]
[BlackElo "2241"]
[Result "1-0"]
[Round "10"]
[TimeControl "180+2"]
[Date "2022.12.20"]
[WhiteClock "0:00:40"]
[BlackClock "0:00:01"]

1. d4 Nf6 2. c4 e6 3. Nc3 d5 4. cxd5 exd5 5. Bg5 Be7 6. e3 c6 7. Bd3 O-O 8. Qc2 h6 9. Bh4 Nbd7 10. Nge2 c5 11. O-O c4 12. Bf5 Nb6 13. a4 a5 14. Nb5 Bd7 15. Nec3 Rc8 16. f3 Rb8 17. Bg3 Rc8 18. Rad1 Nh5 19. Bf2 Nf6 20. Kh1 Bxf5 21. Qxf5 Qd7 22. Qc2 Bb4 23. h3 Rfe8 24. e4 Rc6 25. e5 Nh5 26. Qc1 Rg6 27. g4 f6 28. Kh2 fxe5 29. dxe5 Rxe5 30. gxh5 Rxh5 31. h4 1-0


[Site "https://www.chess.com"]

[Event "Titled Tuesday Blitz December 20 Early 2022"]
[White "vladoboch"]
[Black "Rakesh, Kumar Jena"]
[BlackFideId "5084822"]
[WhiteElo "2445"]
[BlackElo "2303"]
[Result "0-1"]
[Round "10"]
[TimeControl "180+2"]
[Date "2022.12.20"]
[WhiteClock "0:00:03"]
[BlackClock "0:00:27"]

1. e4 e5 2. Nf3 Nc6 3. Bc4 Bc5 4. c3 Nf6 5. d3 O-O 6. Nbd2 a5 7. Nf1 h6 8. Ng3 d5 9. exd5 Nxd5 10. O-O Bg4 11. h3 Be6 12. Re1 Nf4 13. Bxf4 exf4 14. Ne4 Bxc4 15. Nxc5 Bd5 16. d4 b6 17. Nd3 Qf6 18. Nde5 Rfe8 19. c4 Bxf3 20. Qxf3 Nxd4 21. Qe4 Ne6 22. Rad1 Rad8 23. Nc6 Rxd1 24. Rxd1 Qxb2 25. Rd7 Qxa2 26. Ne7+ Kh8 27. Nd5 Qa1+ 28. Kh2 Qd4 29. Qf5 Ng5 30. Nxc7 Nf3+ 0-1


[Site "https://www.chess.com"]

[Event "Titled Tuesday Blitz December 20 Early 2022"]
[White "wonderfultime"]
[Black "Zhigalko_Sergei"]
[WhiteElo "3066"]
[BlackElo "2876"]
[Result "1-0"]
[Round "10"]
[TimeControl "180+2"]
[Date "2022.12.20"]
[WhiteClock "0:00:19"]
[BlackClock "0:00:01"]

1. d4 Nf6 2. Nf3 e6 3. Bf4 d5 4. e3 Bd6 5. Bg3 O-O 6. c4 b6 7. Nc3 Ba6 8. Qa4 Bxg3 9. hxg3 c6 10. Qb3 Nbd7 11. Be2 Bxc4 12. Bxc4 dxc4 13. Qxc4 c5 14. O-O Qc7 15. b4 Rfc8 16. dxc5 bxc5 17. b5 Nb6 18. Qb3 c4 19. Qc2 a6 20. a4 axb5 21. axb5 h6 22. Nd4 Qc5 23. Rfb1 Ng4 24. Ne4 Qh5 25. Nf3 Rxa1 26. Rxa1 Qf5 27. Rc1 Ra8 28. Qb1 Ne5 29. Nd4 Qh5 30. Nc3 Ng4 31. Nf3 Rd8 32. Qe4 Nf6 33. Qc6 Rb8 34. Qc7 Nfd7 35. Rd1 Qc5 36. Rxd7 Nxd7 37. Qxd7 Qb4 38. Qd4 Qb3 39. Ne5 Qc2 40. Nc6 1-0


[Site "https://www.chess.com"]